 Dungeon Crawl Stone Soup version 0.23-a0-29-g1be82e5 (webtiles) character file.

73 Gruud the Grave Robber (level 4, -2/30 HPs)
             Began as a Demonspawn Necromancer on Aug 3, 2018.
             Slain by a worm (4 damage)
             ... on level 3 of the Dungeon.
             The game lasted 00:06:14 (1652 turns).

Gruud the Grave Robber (Demonspawn Necromancer)     Turns: 1652, Time: 00:06:15

Health: -2/30      AC:  2    Str:  9    XL:     4   Next: 8%
Magic:  0/8        EV: 12    Int: 16    God:
Gold:   97         SH:  4    Dex: 14    Spells: 3/8 levels left

rFire    . . .     SeeInvis .   a - +1 dagger (speed)
rCold    + . .     Gourm    .   h - +0 buckler
rNeg     . . .     Faith    .   e - +0 robe
rPois    .         Spirit   .   (helmet restricted)
rElec    .         Reflect  .   (no cloak)
rCorr    .         Harm     .   (no gloves)
MR       .....                  (no boots)
Stlth    ++........             (no amulet)
HPRegen  0.10/turn              (no ring)
MPRegen  0.11/turn              (no ring)

@: no status effects
A: antennae 1, cold resistance 1
a: no special abilities


You were on level 3 of the Dungeon.
You were not hungry.

You visited 1 branch of the dungeon, and saw 3 of its levels.

You collected 97 gold pieces.

Inventory:

Hand Weapons
 a - a +1 dagger of speed (weapon)
 b - a cursed -3 hunting sling
 f - a +0 whip
 n - a +0 mace
Missiles
 k - 11 tomahawks (quivered)
 m - 9 sling bullets
Armour
 e - a +0 robe (worn)
 h - a +0 buckler (worn)
Scrolls
 d - a scroll of enchant armour {unknown}
 o - a scroll of teleportation {unknown}
 q - a scroll of noise {unknown}
Potions
 g - 2 potions of curing {unknown}
 i - a potion of haste {unknown}
 l - a potion of lignification {unknown}
 p - 2 potions of resistance {unknown}
Comestibles
 c - 4 rations
 j - 3 chunks of flesh


   Skills:
 - Level 1.7 Dodging
 - Level 1.7 Stealth
 + Level 1.0 Shields
 * Level 2.7 Spellcasting
 - Level 5.4 Necromancy


You had 3 spell levels left.
You knew the following spells:

 Your Spells              Type           Power        Failure   Level  Hunger
a - Pain                  Necr           ###.         3%          1    #......
b - Animate Skeleton      Necr           N/A          3%          1    #......
c - Vampiric Draining     Necr           ###.......   9%          3    ###....

Your spell library contained the following spells:

 Spells                   Type           Power        Failure   Level  Hunger
 Animate Dead             Necr           N/A          28%         4    #####..
 Regeneration             Chrm/Necr      ##........   26%         3    ###....


Dungeon Overview and Level Annotations

Branches:
Dungeon (3/15)

Altars:

Annotations:
D:2 Sigmund


Innate Abilities, Weirdness & Mutations

You have a pair of small antennae on your head.
Your flesh is cold resistant. (rC+)


Message History

Confirm with . or Enter, or press ? or * to list all spells.
Aiming: Vampiric Draining (safe; 9% risk of failure)
Press: ? - help, Shift-Dir - straight line, f/p - worm
Aim: a worm (moderately wounded)
The worm is severely wounded.
You feel life coursing into your body. The worm bites you!
Casting: Vampiric Draining (safe; 9% risk of failure)
Confirm with . or Enter, or press ? or * to list all spells.
You don't have enough magic to cast that spell.
Unknown command.
You barely miss the worm.
The worm is severely wounded.
You hit the worm.
The worm is severely wounded.
The worm bites you!
* * * LOW HITPOINT WARNING * * *
You hit the worm.
The worm is severely wounded.
The worm bites you.
You die...

## ###%. ...
. ###.##....
#<@.......
#w.......(
#..........
#..?.......
......w....
#.......)...
............
..##.........


You could see 2 worms.

Vanquished Creatures
  A gnoll (D:1)
  3 adders (D:2)
  A dart slug (D:1)
  A leopard gecko (D:1)
  A ball python (D:1)
  A giant cockroach (D:2)
  4 goblins
  4 hobgoblins
  5 kobolds
  7 bats
  6 frilled lizards
34 creatures vanquished.

Vanquished Creatures (collateral kills)
  A ball python (D:2)
  A bat (D:1)
2 creatures vanquished.

Grand Total: 36 creatures vanquished

Notes
Turn   | Place    | Note
-------+----------+-------------------------------------------
     0 | D:1      | Gruud the Demonspawn Necromancer began the quest for the Orb.
     0 | D:1      | Reached XP level 1. HP: 13/13 MP: 3/3
    72 | D:1      | Learned a level 1 spell: Animate Skeleton
   208 | D:1      | Gained mutation: You have a pair of small antennae on your head. [demonic ancestry]
   208 | D:1      | Reached XP level 2. HP: 16/19 MP: 5/5
   242 | D:1      | Reached skill level 5 in Necromancy
   449 | D:1      | Gained mutation: Your flesh is cold resistant. (rC+) [demonic ancestry]
   449 | D:1      | Reached XP level 3. HP: 14/24 MP: 6/6
   974 | D:2      | Learned a level 3 spell: Vampiric Draining
  1575 | D:2      | Reached skill level 1 in Shields
  1575 | D:2      | Reached XP level 4. HP: 25/30 MP: 3/8
  1614 | D:2      | Noticed Sigmund
  1652 | D:3      | Slain by a worm

Vault maps used:
D:1:      minmay_arrival_pointy
D:2:      first_ration, grunt_ministairs_2, lemuel_flame_loot_1, uniq_sigmund
D:3:      chequers_ecumenical_altar_simple_redux

Skill      XL: |  1  2  3 |
---------------+----------+-----
Necromancy     | 5 |  5.4
Shields        | 1 |  1.0
Dodging        | |  1.7
Stealth        | |  1.7
Spellcasting   | |  2.7

Action                   |  1- 3 |  4- 6 || total
-------------------------+-------+-------++-------
Melee: Dagger            |    78 |     4 ||    82
 Cast: Pain              |    26 |     3 ||    29
       Animate Skeleton  |     4 |       ||     4
       Vampiric Draining |       |     3 ||     3
 Stab: Sleeping          |     6 |     1 ||     7
  Eat: Chunk             |     2 |     1 ||     3
Armor: Robe              |    16 |       ||    16
Dodge: Dodged            |    47 |     1 ||    48
Block: Buckler           |     9 |       ||     9

Table legend:
 A = Spawn XP
 B = Non-spawn XP
 C = Spawn XP percentage of total XP
 D = Spawn monster count
 E = Non-spawn monster count
 F = Spawn count percentage of total count
 G = Total turns spent on level
                    A         B        C        D         E        F      G
               +---------+---------+-------+---------+---------+-------+---------
         Total |       0 |     105 |   0.0 |       0 |      36 |   0.0 |  1652
               +---------+---------+-------+---------+---------+-------+---------
           D:1 |       0 |      47 |   0.0 |       0 |      21 |   0.0 |   923
           D:2 |       0 |      55 |   0.0 |       0 |      13 |   0.0 |   711
           D:3 |       0 |       3 |   0.0 |       0 |       2 |   0.0 |    18
               +---------+---------+-------+---------+---------+-------+---------
